 Seeded DCSS version 0.30.1-9-gdf580d7c3d (webtiles) character file.

Game seed: 920673320228942481 (custom seed)

498 Psyclone the Destroyer (level 6, -2/32 HPs)
             Began as a Deep Elf Conjurer on Oct 9, 2023.
             Slain by a killer bee (3 damage)
             ... on level 7 of the Dungeon.
             The game lasted 00:00:58 (841 turns).

Psyclone the Destroyer (Deep Elf Conjurer)           Turns: 841, Time: 00:00:58

Health: -2/32      AC:  2    Str:  4    XL:     6   Next: 94%
Magic:  0/12       EV: 12    Int: 25    God:
Gold:   41         SH:  0    Dex: 13    Spells: 8/11 levels left

rFire   . . .        (no weapon)
rCold   . . .        (no shield)
rNeg    . . .        a - +0 robe
rPois   .            (no helmet)
rElec   .            (no cloak)
rCorr   .            (no gloves)
SInv    .            (no boots)
Will    .....        e - amulet of the acrobat
Stlth   ++           (no ring)
HPRegen 0.25/turn    (no ring)
MPRegen 0.13/turn

%: acrobat
@: lethally poisoned (-2 -> -5)
A: no striking features
a: no special abilities


You were on level 7 of the Dungeon.
You visited 1 branch of the dungeon, and saw 7 of its levels.

You collected 41 gold pieces.

Inventory:

Armour
 a - a +0 robe (worn)
Jewellery
 e - an amulet of the acrobat (around neck)
Scrolls
 c - 3 scrolls of acquirement {unknown}
 h - a scroll of identify {unknown}
Potions
 b - a potion of magic
 d - a potion of lignification {unknown}
 f - a potion of ambrosia {unknown}
 g - 2 potions of might {unknown}


   Skills:
 - Level 2.4 Dodging
 - Level 2.4 Stealth
 - Level 3.0 Spellcasting
 + Level 9.2 Conjurations


You had 8 spell levels left.
You knew the following spells:

 Your Spells              Type           Power      Damage    Failure   Level
a - Magic Dart            Conj           100%       1d8       1%          1
b - Searing Ray           Conj           98%        2d8       1%          2

Your spell library contained the following spells:

 Spells                   Type           Power      Damage    Failure   Level
 Dazzling Flash           Conj/Hex       52%        N/A       4%          3
 Stone Arrow              Conj/Erth      52%        3d10      4%          3
 Sandblast                Erth           6%         2d5       10%         1
 Passwall                 Tmut/Erth      2%         N/A       16%         2
 Fulminant Prism          Conj/Hex       13%        3d8       16%         4
 Iskenderun's Mystic Bla  Conj/Tloc      26%        2d7       16%         4


Dungeon Overview and Level Annotations

Branches:
Dungeon (7/15) Zot: 26675
 Temple: D:4-7

Altars:
Gozag

Annotations:
D:5 Menkaure


Message History

The killer bee closely misses you. The killer bee misses you.
You now have 0/12 mp.
A killer bee comes into view.
The killer bee stings you.
* * * LOW HITPOINT WARNING * * *
You take 1 damage, and have 8/32 hp.
The killer bee closely misses you.
The killer bee attacks as you move away!
The killer bee closely misses you.
The killer bee buzzes angrily.
The killer bee completely misses you. The killer bee closely misses you.
The killer bee completely misses you.
The killer bee attacks as you move away!
The killer bee closely misses you. The killer bee completely misses you.
The killer bee stings you.
* * * LOW HITPOINT WARNING * * *
You are lethally poisoned!
The killer bee poisons you! The killer bee closely misses you.
You take 3 damage, and have 6/32 hp.
* * * LOW HITPOINT WARNING * * *
You feel sick. The killer bee misses you. The killer bee completely misses you.
You take 2 damage, and have 4/32 hp.
The killer bee attacks as you move away!
The killer bee misses you.
* * * LOW HITPOINT WARNING * * *
You feel sick. The killer bee completely misses you.
There is an open gate here.
You take 1 damage, and have 3/32 hp.
* * * LOW HITPOINT WARNING * * *
You feel sick. The killer bee misses you.
You take 1 damage, and have 2/32 hp.
Casting: Magic Dart (safe; 1% risk of failure)
Confirm with . or Enter, or press ? or * to list all spells.
Aiming: Magic Dart (safe; 1% risk of failure)
Press: ? - help, Shift-Dir - straight line, f/p - killer bee
Aim: a killer bee (heavily wounded, 100% to hit)
The magic dart hits the killer bee but does no damage.
* * * LOW HITPOINT WARNING * * *
You feel sick. The killer bee stings you.
You die...

#.## #..... †.#
#..... #†## #..^..
##### #.†# #.....
#...#######.###.....
#._.#........##.....
#...#.........#.....
#'''#...............
#..@#........#......
+.P.yy.......#.#.###
+.P.'........+.....
+.P.'........#...###
#...#.........>.##
#+++#........####
#........#
#........#
##########


You could see 2 killer bees.

Vanquished Creatures
  A steam dragon (D:7)
  A phantom (D:6)
  2 scorpions
  3 killer bees (D:7)
  A hound (D:4)
  A dart slug (D:1)
  3 orcs (D:4)
  A ball python (D:4)
  An endoplasm (D:3)
14 creatures vanquished.

Notes
Turn   | Place    | Note
-------+----------+-------------------------------------------
     0 | D:1      | Psyclone the Deep Elf Conjurer began the quest for the Orb.
     0 | D:1      | Reached XP level 1. HP: 10/10 MP: 6/6
   164 | D:4      | Noticed a hound
   169 | D:4      | Killed a hound
   170 | D:4      | Reached skill level 5 in Conjurations
   170 | D:4      | Reached XP level 2. HP: 15/15 MP: 2/8
   170 | D:4      | Reached XP level 3. HP: 19/19 MP: 2/9
   391 | D:5      | Entered Level 5 of the Dungeon
   417 | D:5      | Noticed a scorpion
   423 | D:5      | Killed a scorpion
   424 | D:5      | Reached skill level 6 in Conjurations
   424 | D:5      | Reached XP level 4. HP: 24/24 MP: 3/10
   479 | D:5      | Learned a level 2 spell: Searing Ray
   484 | D:5      | Noticed Menkaure
   505 | D:6      | Noticed a phantom
   512 | D:6      | Killed a phantom
   513 | D:6      | Reached skill level 7 in Conjurations
   513 | D:6      | Reached XP level 5. HP: 28/28 MP: 2/11
   515 | D:6      | Noticed a centaur
   660 | D:7      | Noticed a steam dragon
   668 | D:7      | Killed a steam dragon
   669 | D:7      | Reached skill level 8 in Conjurations
   669 | D:7      | Reached XP level 6. HP: 32/32 MP: 3/12
   682 | D:7      | Found an opulent altar of Gozag.
   819 | D:7      | Reached skill level 9 in Conjurations
   841 | D:7      | HP: 1/32 [poisoned by a killer bee]
   841 | D:7      | Slain by a killer bee

Illustrated notes

Levels and vault maps discovered:
D:1:      dpeg_arrival_orchard, layout_basic
D:2:      layout_loops_corners, uniq_natasha, uniq_crazy_yiuf_cottage
D:3:      layout_basic, serial_shops, nicolae_shop_stone, shop
D:4:      layout_basic, nicolae_figureground_sparkle, uniq_sigmund, uniq_robin,
          uniq_blork_the_orc
D:5:      layout_cave_pools, nicolae_ru_path_of_blood, minmay_quadrilaterals,
          uniq_menkaure, uniq_ijyb
D:6:      cheibrodos_barr_body, layout_rooms, lemuel_doored_altar,
          minmay_temple_entry_large_hall, hangedman_decor_growths,
          minmay_fractal_squares_gapless_5
D:7:      layout_basic, mainiacjoe_overflow_big_doors, lemuel_tele_altar,
          zin_scriptorium, nicolae_figureground_pulse, uniq_duvessa

Skill      XL: |  1  2  3  4  5  6 |
---------------+-------------------+-----
Conjurations   | 5 6 7 8 9 |  9.2
Dodging        | |  2.4
Stealth        | |  2.4
Spellcasting   | |  3.0

Action                     |  1- 3 |  4- 6 || total
---------------------------+-------+-------++-------
  Melee: Unarmed           |       |     1 ||     1
   Cast: Magic Dart        |    22 |     8 ||    30
         Searing Ray       |       |     8 ||     8
 Armour: Robe              |       |     1 ||     1
  Dodge: Dodged            |     1 |    36 ||    37
